 Dungeon Crawl Stone Soup version 0.31-a0-177-g4aa6249778 (webtiles) character file.

Game seed: 13365397653290579800

27 qw the Shooter (level 3, -4/32 HPs)
             Began as a Naga Hunter on June 18, 2023.
             Slain by Natasha (12 damage)
             ... on level 2 of the Dungeon.
             The game lasted 00:00:15 (746 turns).

qw the Shooter (Naga Hunter)                         Turns: 746, Time: 00:00:15

Health: -4/32      AC:  2    Str: 13    XL:     3   Next: 10%
Magic:  3/3        EV:  9    Int:  9    God:
Gold:   99         SH:  0    Dex: 16    Spells: 2/2 levels left

rFire   . . .        Y - +0 shortbow
rCold   . . .        (shield currently unavailable)
rNeg    . . .        c - +0 leather armour
rPois   +            (no helmet)
rElec   .            (no cloak)
rCorr   .            (no gloves)
SInv    +            (no barding)
Will    .....        (no amulet)
Stlth   ++           (no ring)
HPRegen 0.25/turn    (no ring)
MPRegen 0.08/turn

%: no passive effects
@: short of breath, very slow
A: AC +1, large, see invisible, deformed body, poison resistance, slowness 2,
spit poison 1, naga tail 1
a: Spit Poison


You were on level 2 of the Dungeon.
You visited 1 branch of the dungeon, and saw 2 of its levels.

You collected 99 gold pieces.


Innate Abilities, Weirdness & Mutations

Your serpentine skin is tough. (AC +1)
You have supernaturally acute eyesight. (SInv)
Armour fits poorly on your strangely shaped body.
Your system is resistant to poisons. (rPois)
You cover ground very slowly.
You can spit poison.
You have a snake-like lower body.


   Skills:
 - Level 2.0 Fighting
 + Level 4.5 Ranged Weapons
 - Level 1.5 Dodging
 - Level 1.5 Stealth


You had 2 spell levels left.
You didn't know any spells.
Your spell library was empty.

Inventory:

Hand Weapons
 Y - a +0 shortbow (weapon)
Armour
 c - a +0 leather armour (worn)
Scrolls
 b - a scroll of vulnerability {unknown}
 f - a scroll of fog {unknown}
 g - a scroll of teleportation {unknown}
Potions
 a - a potion of might
 d - a potion of lignification {unknown}
 e - a potion of degeneration {unknown}

Dungeon Overview and Level Annotations

Branches:
Dungeon (2/15)

Altars:

Annotations:
D:2 Natasha


Message History

Enter note: An adder comes into view.
Enter note:
Enter note:
738 ||| INVOKING Spit Poison.
Aiming: Spit Poison (2% risk of failure)
Press: ? - help, Shift-Dir - straight line, f - adder The splash of poison hits the adder!
The adder is almost dead.
The adder hisses angrily.
Natasha, Servant of Life and Death comes into view.
The adder bites you.
You shoot an arrow. The arrow misses the adder.
Natasha hisses angrily.
The adder closely misses you.
You shoot an arrow. The arrow barely misses the adder.
The adder bites you but does no damage. x2
You shoot an arrow. The arrow misses the adder.
The adder closely misses you.
You shoot an arrow. The arrow hits the adder.
The adder is almost dead.
The adder barely misses you.
Natasha drinks a potion.
Natasha seems to grow stronger.
The adder bites you.
You shoot an arrow. The arrow misses the adder.
You have got your breath back.
The adder bites you but does no damage.
Natasha stares at you and mumbles some strange words.
The magic dart hits you. The adder barely misses you. Natasha claws you!
744 ||| INVOKING Spit Poison.
Aiming: Spit Poison (2% risk of failure)
Press: ? - help, Shift-Dir - straight line, f/p - adder The splash of poison misses the adder.
The adder closely misses you. Natasha barely misses you.
You shoot an arrow.
The arrow hits the adder but does no damage.
The adder is almost dead.
The adder bites you. Natasha barely misses you. The adder bites you.
You shoot an arrow. The arrow barely misses the adder.
The adder closely misses you. Natasha claws you!
You die...

...##.....# #
#.#.8...8. .
###......... # #.
:.......}... #. #.
#.......... #.#.#
###..#.8...8. #...
##.#..##.....#
#.S####.#...###...##
#.h@...............#
#.#####.#..#######.#
# ##.#.# .# ##..# .#
#.## .# #.# #. #.


You could see Natasha (strong) and an adder.

Vanquished Creatures
  A dart slug (D:1)
  An orc (D:2)
  3 ball pythons (D:1)
  An endoplasm (D:2)
  A giant cockroach (D:1)
  2 goblins (D:1)
  4 hobgoblins
  3 kobolds (D:1)
  2 bats
  3 rats
21 creatures vanquished.

Notes
Turn   | Place    | Note
-------+----------+-------------------------------------------
     0 | D:1      | qw the Naga Hunter began the quest for the Orb.
     0 | D:1      | Reached XP level 1. HP: 19/19 MP: 1/1
     0 | D:1      | 0 ||| qw: Version: 0.3-a-7-ge0c9b40
     0 | D:1      | 0 ||| qw: Game counter: 742
     0 | D:1      | 0 ||| qw: Always use a shield: true
     0 | D:1      | 0 ||| qw: God list: Okawaru
     0 | D:1      | 0 ||| qw: Allow faded altars: false
     0 | D:1      | 0 ||| qw: Do Orc after D:15 true
     0 | D:1      | 0 ||| qw: Do second Lair branch before Depths: true
     0 | D:1      | 0 ||| qw: Lair rune preference: random
     0 | D:1      | 0 ||| qw: Plans: Normal
     0 | D:1      | 0 ||| PLANNING D:1-11
    33 | D:1      | 33 ||| INVOKING Spit Poison.
    76 | D:1      | 76 ||| INVOKING Spit Poison.
   100 | D:1      | 100 ||| INVOKING Spit Poison.
   160 | D:1      | Reached skill level 4 in Ranged Weapons
   160 | D:1      | Reached XP level 2. HP: 26/26 MP: 2/2
   176 | D:1      | 176 ||| INVOKING Spit Poison.
   206 | D:1      | 206 ||| INVOKING Spit Poison.
   217 | D:1      | 217 ||| INVOKING Spit Poison.
   263 | D:1      | 263 ||| INVOKING Spit Poison.
   335 | D:1      | 335 ||| INVOKING Spit Poison.
   336 | D:1      | 336 ||| INVOKING Spit Poison.
   339 | D:1      | 339 ||| INVOKING Spit Poison.
   342 | D:1      | 342 ||| INVOKING Spit Poison.
   405 | D:1      | 405 ||| INVOKING Spit Poison.
   550 | D:1      | 550 ||| INVOKING Spit Poison.
   577 | D:1      | 577 ||| READING scroll labelled ABAHANN ZAFAAVVU.
   578 | D:1      | 578 ||| READING scroll labelled KIPIHE IXOKLOH.
   579 | D:1      | 579 ||| DROPPING scroll of butterflies.
   615 | D:2      | Reached XP level 3. HP: 32/32 MP: 3/3
   619 | D:2      | 619 ||| INVOKING Spit Poison.
   738 | D:2      | 738 ||| INVOKING Spit Poison.
   738 | D:2      | Noticed Natasha
   744 | D:2      | 744 ||| INVOKING Spit Poison.
   745 | D:2      | HP: 7/32 [adder (3)]
   746 | D:2      | Slain by Natasha

Levels and vault maps discovered:
D:1:      heliophobic_arrival_enchanted_forest, layout_basic, minmay_distorted
D:2:      layout_loops_ring, wad_floor_pattern_untrapped, uniq_natasha

Skill      XL: |  1 |
---------------+----+-----
Ranged Weapons | 4 |  4.5
Fighting       | |  2.0
Dodging        | |  1.5
Stealth        | |  1.5

Action                     || total
---------------------------++-------
   Fire: Shortbow          ||    31
Ability: Spit Poison       ||    15
    Use: Scroll            ||     2
 Armour: Leather armour    ||     6
  Dodge: Dodged            ||    12

Table legend:
 A = Non-vault XP
 B = Vault XP
 C = Vault XP percentage of total XP
 D = Non-vault monster count
 E = Vault monster count
 F = Vault count percentage of total count
                 A         B        C        D         E       F
            +---------+---------+-------+---------+---------+-------
      Total |      36 |       3 |   7.7 |      19 |       2 |   9.5
            +---------+---------+-------+---------+---------+-------
        D:1 |      26 |       3 |  10.3 |      14 |       2 |  12.5
        D:2 |      10 |       0 |   0.0 |       5 |       0 |   0.0
            +---------+---------+-------+---------+---------+-------
